Map: Bridgehead LE (Void)

Players

DarthCaesar

  • Race: Terran Terran
  • League: Platinum

RepMeaSt (Semper) - Winner!

  • Race: Terran Terran
  • League: Master

Event: Lycan League Weekly August #2

VOD

Have the link to the VOD?

Description

Time

  • Played on: Aug. 10, 2015, 12:21 p.m.
  • Length: 3:21

All games in this series

Show
View Real Time Build Order
Export as new Build Order

DarthCaesar Terran 

Build Orders:  

Get SALT Encoding   

  12  0:01  SCV  
  13  0:13  SCV  
  14  0:17  Supply Depot  
  14  0:25  SCV  
  15  0:51  Barracks x2  
  15  1:01  Barracks  
  15  1:10  Supply Depot  
  15  1:14  SCV  
  16  1:26  SCV  
  17  1:49  Marine  
  17  1:50  Marine  
  17  1:53  Barracks, Orbital Command  
  19  1:55  Marine  
  20  2:07  Marine  
  21  2:08  Marine  
  21  2:14  Supply Depot, Marine  
  23  2:25  Marine  
  23  2:26  Marine  
  25  2:31  SCV  
  25  2:43  Marine  
  25  2:44  Marine  
  23  2:51  Marine  
  23  2:57  SCV  
  25  3:01  Marine  
  27  3:06  Command Center  
Show
View Real Time Build Order
Export as new Build Order

RepMeaSt Terran - Winner!

Build Orders: 1/1/1 

Get SALT Encoding   

  12  0:00  SCV  
  13  0:13  SCV  
  14  0:17  Supply Depot  
  14  0:25  SCV  
  15  0:28  Refinery  
  15  0:39  SCV  
  16  0:44  Barracks  
  16  0:51  SCV  
  17  1:03  SCV  
  18  1:15  SCV  
  19  1:33  Factory  
  19  1:34  Marine  
  19  1:35  Orbital Command  
  20  1:46  Supply Depot  
  20  1:52  Marine  
  21  1:54  Refinery  
  21  2:02  SCV  
  22  2:11  Marine  
  22  2:15  SCV  
  24  2:17  Hellion  
  24  2:18  Starport  
  26  2:29  Marine  
  27  2:31  Supply Depot  
  27  2:37  SCV  
  27  2:38  Hellion  
  28  2:49  SCV  
  29  2:56  Marine  
  30  2:58  Starport Tech Lab  

Tags
 
Add a new tag
Caveats
  • Supply blocks, unpowered buildings, or Contaminate may cause inaccurate times.
  • Supply counts are checked every 10 seconds.